AoeStats
← gazza17

Arena

515771191Analyzed
4v4 RM · 24d ago on Oct 23, 2026· 52m 2s· 8 players
Game mode
Random Map
Map size
Large (8 player)
Population
200
Speed
Normal
Resources
Standard
Victory
Conquest
Starting age
Dark Age
Ending age
Imperial Age
RankedLock teamsTeams togetherTeam positionsShared explorationLock speedFull tech treeHidden civsTurbo modeCheats
Victory
Defeat
🇺🇸 Saxons · United States
1099
+8
🇬🇧 Bohemians · United Kingdom
1041
+10
🇺🇸 Byzantines · United States
886
+17
🇬🇧 Bulgarians · United Kingdom
737
+23
vs
🇩🇪 Saxons · Germany
951
-16
🇨🇱 Chinese · Chile
933
-16
🇹🇷 Vietnamese · Türkiye
871
-13
🇨🇱 Saracens · Chile
861
-13
Completosinpalta
0:58 Loom
9:55 Feudal Age
10:35 Double-Bit Axe
Wilh3lm
1:26 Loom
5:27 Loom
10:21 Feudal Age
13:11 Wheelbarrow
12:24 Double-Bit Axe
17:21 Castle Age
17:14 Man-at-Arms
19:15 Scale Mail Armor
18:46 Long Swordsman
19:32 Pikeman
24:30 Horse Collar
25:46 Arson
26:14 Forging
27:38 Chain Mail Armor
30:43 Iron Casting
29:59 Fletching
36:03 Imperial Age
33:47 Gambesons
34:02 Squires
37:09 Conscription
37:34 Coinage
37:21 Bow Saw
37:09 Halberdier
38:30 Bodkin Arrow
38:35 Padded Archer Armor
38:10 Elite Skirmisher
41:52 Bracer
42:08 Leather Archer Armor
42:24 Plate Mail Armor
46:00 Imperial Skirmisher
47:22 Ballistics
48:32 Two-Handed Swordsman
49:45 Champion
Norelaxz44
11:35 Feudal Age
15:59 Double-Bit Axe
19:05 Castle Age
18:03 Horse Collar
18:16 Gold Mining
18:19 Stone Mining
19:30 Wheelbarrow
20:41 Bow Saw
21:55 Stone Shaft Mining
21:17 Loom
22:54 Heavy Plow
24:23 Fletching
24:34 Padded Archer Armor
24:46 Forging
24:37 Scale Mail Armor
26:12 Hand Cart
25:51 Town Watch
27:03 Squires
26:27 Pikeman
27:42 Elite Skirmisher
29:39 Bodkin Arrow
29:59 Leather Archer Armor
34:43 Imperial Age
34:04 Iron Casting
33:44 Chain Mail Armor
33:19 Arson
35:09 Imperial Skirmisher
36:12 Paper Money
38:15 Elite Fire Lancer
40:31 Bracer
41:01 Ring Archer Armor
41:35 Chemistry
42:35 Two-Man Saw
42:08 Crop Rotation
PilotExpert9105
11:46 Feudal Age
12:18 Double-Bit Axe
21:17 Castle Age
29:44 Imperial Age
27:53 Fletching
31:02 Loom
33:41 Gold Mining
36:47 Chemistry
Sir Lord F@ppington Esq.
10:39 Feudal Age
11:39 Loom
14:52 Castle Age
13:16 Double-Bit Axe
14:56 Horse Collar
16:09 Wheelbarrow
16:12 Bow Saw
19:54 Scale Mail Armor
20:59 Squires
24:01 Arson
24:19 Treadmill Crane
24:39 Gambesons
25:57 Heavy Plow
26:24 Forging
26:38 Gold Mining
27:12 Chain Mail Armor
26:57 Stone Mining
29:17 Hand Cart
28:48 Town Watch
30:11 Iron Casting
29:27 Fletching
29:53 Masonry
33:35 Imperial Age
32:07 Gold Shaft Mining
33:27 Bodkin Arrow
33:55 Ballistics
33:31 Murder Holes
33:47 Fortified Wall
35:52 Chemistry
35:23 Architecture
34:32 Elite Varangian Guard
35:56 Plate Mail Armor
35:47 Heated Shot
36:24 Shield Wall
37:52 Hoardings
37:36 Bracer
39:42 Conscription
39:34 Siege Engineers
39:40 Fortified Wall
40:29 Elite Hearth Troop
40:44 Elite Hearth Troop
43:55 Padded Archer Armor
44:03 Scale Barding Armor
44:16 Guilds
44:06 Caravan
45:20 Crop Rotation
45:53 Two-Man Saw
44:44 Man-at-Arms
49:10 Sanctity
48:14 Pikeman
49:14 Leather Archer Armor
49:19 Chain Barding Armor
49:25 Halberdier
50:17 Town Patrol
Cerun
10:25 Feudal Age
10:03 Loom
21:14 Double-Bit Axe
21:13 Horse Collar
23:49 Wheelbarrow
26:54 Arson
31:27 Castle Age
31:52 Elite Skirmisher
35:17 Pikeman
36:02 Squires
35:50 Gambesons
38:37 Bow Saw
38:33 Heavy Plow
PersianT
11:57 Feudal Age
14:42 Bloodlines
18:28 Castle Age
17:04 Double-Bit Axe
19:11 Scale Barding Armor
21:12 Chain Barding Armor
25:25 Husbandry
25:43 Forging
32:14 Iron Casting
38:29 Imperial Age
39:55 Cavalier
44:10 Elite Konnik
44:29 Light Cavalry
51:45 Plate Barding Armor
52:11 Blast Furnace
50:45 Capped Ram
gazza17
11:20 Feudal Age
11:19 Loom
15:55 Castle Age
15:58 Double-Bit Axe
15:56 Horse Collar
17:26 Bow Saw
18:34 Heavy Plow
26:16 Fletching
27:28 Bodkin Arrow
29:04 Wheelbarrow
29:46 Ballistics
35:05 Imperial Age
32:55 Hand Cart
34:14 Chemistry
34:17 Padded Archer Armor
41:16 Houfnice
Connection lost

Rejoining the realm…

Still unreachable

The connection could not be restored.

Session expired

The server has moved on; the page needs a fresh start.